 Dungeon Crawl Stone Soup version 0.31-a0-1308-ga3cce3a448 (webtiles) character file.

Game seed: 13897872819667843747

307 IdlyInterested the Trooper (level 6, -5/47 HPs)
             Began as a Demonspawn Fighter on Dec 19, 2023.
             Slain by Sigmund
             ... wielding a +1 scythe of protection
              (9 damage)
             ... on level 5 of the Dungeon.
             The game lasted 00:08:45 (3161 turns).

IdlyInterested the Trooper (Demonspawn Fighter)     Turns: 3161, Time: 00:08:45

Health: -5/47      AC:  8    Str: 12 (15) XL:     6   Next: 16%
Magic:  4/4        EV:  9    Int: 11 (13) God:
Gold:   140        SH:  4    Dex: 10 (13) Spells: 5/5 levels left

rFire   . . .        a - +0 long sword
rCold   . . .        c - +0 buckler
rNeg    . . .        q - +0 scale mail
rPois   +            (no helmet)
rElec   .            (no cloak)
rCorr   .            (no gloves)
SInv    .            (no boots)
Will    .....        v - amulet of magic regeneration Stlth
                     e - ring of poison resistance
HPRegen 0.27/turn    (no ring)
MPRegen 0.49/turn

%: no passive effects
@: mighty
A: yellow scales 1, icemail 1, condensation shield, clever 1, low MP 2
a: no special abilities


You were on level 5 of the Dungeon.
You visited 2 branches of the dungeon, and saw 6 of its levels.

You collected 140 gold pieces.

Inventory:

Hand Weapons
 a - a +0 long sword (weapon)
 g - a +0 short sword
 x - a +0 trident
Missiles
 h - 40 stones (quivered)
 y - 4 poisoned darts
Armour
 c - a +0 buckler (worn)
 f - a +0 chain mail
 q - a +0 scale mail (worn)
Magical Staves
 m - a staff of earth
Jewellery
 e - a ring of poison resistance (left hand)
 v - an amulet of magic regeneration (around neck)
Wands
 t - a wand of flame (18)
Scrolls
 j - 3 scrolls of identify {unknown}
 o - a scroll of enchant weapon {unknown}
 p - a scroll of teleportation
 r - a scroll of enchant armour {unknown}
 s - a scroll of torment
Potions
 b - a potion of magic
 i - 4 potions of curing
 k - a potion of cancellation {unknown}
 l - a potion of resistance {unknown}
 n - a potion of mutation
 w - a potion of invisibility {unknown}


   Skills:
 - Level 3.0 Fighting
 - Level 1.7 Long Blades
 - Level 3.0 Throwing
 - Level 3.0 Armour
 - Level 3.0 Dodging
 + Level 0.9 Stealth
 - Level 2.6 Shields
 - Level 3.0 Evocations


You had 5 spell levels left.
You didn't know any spells.
Your spell library contained the following spells:

 Spells                   Type           Power      Damage    Failure   Level
 Ignite Poison            Fire/Tmut/Pois 0%         N/A       100%        3
 Sticky Flame             Conj/Fire      0%         2d3       100%        4
 Ignition                 Fire           0%         3d3       100%        8


Dungeon Overview and Level Annotations

Branches:
Dungeon (5/15)             Temple (1/1) D:4

Altars:
Cheibriados
Dithmenos
Gozag
Hepliaklqana
Kikubaaqudgha
Makhleb
Nemelex Xobeh
Okawaru
Qazlal
Ru
Sif Muna
Trog
Uskayaw
Vehumet
Wu Jian
Xom
Yredelemnul

Annotations:
D:5 Sigmund


Innate Abilities, Weirdness & Mutations

You are partially covered in yellow scales. (AC +2)
A meltable icy envelope protects you from harm. (AC +0)
A meltable shield of frost defends you. (SH +0)
Your mind is acute. (Int +4, Str/Dex -1)
Your magical capacity is very low. (-20% MP)


Message History

The ufetubus hits you but does no damage.
The ufetubus barely misses you.
You miss something. The ufetubus barely misses you. x3
You block the ufetubus's attack.
The ufetubus hits you but does no damage. x2
The ufetubus barely misses you. The ufetubus closely misses you.
Something hits you.
You miss something. The ufetubus barely misses you. The ufetubus hits you.
The ufetubus completely misses you. The ufetubus hits you. x2
The ufetubus barely misses you. The ufetubus closely misses you.
You block the ufetubus's attack. Something hits you.
* * * LOW HITPOINT WARNING * * *
You closely miss something. The ufetubus hits you.
* * * LOW HITPOINT WARNING * * *
The ufetubus hits you.
* * * LOW HITPOINT WARNING * * *
The ufetubus hits you.
* * * LOW HITPOINT WARNING * * *
The ufetubus hits you but does no damage. x3
The ufetubus barely misses you.
The ufetubus hits you but does no damage.
Something hits you but does no damage.
You closely miss something.
The ufetubus hits you but does no damage.
The ufetubus barely misses you. You block the ufetubus's attack.
The ufetubus hits you but does no damage. x2
The ufetubus closely misses you.
The ufetubus hits you but does no damage.
The ufetubus barely misses you. Something hits you.
* * * LOW HITPOINT WARNING * * *
You barely miss something.
The ufetubus hits you but does no damage. x3
You block the ufetubus's attack.
The ufetubus hits you but does no damage.
The ufetubus hits you.
* * * LOW HITPOINT WARNING * * *
The ufetubus closely misses you.
The ufetubus hits you but does no damage.
Something hits you!
You die...

. .# ..< ...
.. ####.#
###.<..#
#@5.###.....
#..{5### ..#
#..<.# #
#...$.#
....#.##
.......
.......
.......


You could see 2 ufetubi.

Vanquished Creatures
  An ogre (D:4)
  Terence (D:2)
  6 adders
  4 gnolls (D:2)
  4 worms
  3 dart slugs
  6 orcs (D:3)
  6 endoplasms
  3 giant cockroaches
  9 hobgoblins
  4 jackals (D:1)
  7 kobolds
  2 quokkas
  2 ball pythons
  3 bats
  4 frilled lizards
  10 goblins
  8 rats
83 creatures vanquished.

Notes
Turn   | Place    | Note
-------+----------+-------------------------------------------
     0 | D:1      | IdlyInterested the Demonspawn Fighter began the quest for
                  | the Orb.
     0 | D:1      | Reached XP level 1. HP: 18/18 MP: 1/1
   264 | D:1      | Reached skill level 1 in Dodging
   264 | D:1      | Gained mutation: A meltable shield of frost defends you.
                  | (SH +0) [demonic ancestry]
   264 | D:1      | Reached XP level 2. HP: 24/24 MP: 2/2
   459 | D:1      | Reached XP level 3. HP: 25/29 MP: 3/3
   648 | D:2      | Noticed Terence
   665 | D:2      | Killed Terence
   806 | D:2      | Reached XP level 4. HP: 32/35 MP: 4/4
   822 | D:2      | Reached skill level 1 in Evocations
   987 | D:2      | Gained mutation: A meltable icy envelope protects you from
                  | harm. (AC +0) [demonic ancestry]
   987 | D:2      | Reached XP level 5. HP: 21/41 MP: 5/5
  1548 | D:3      | Reached skill level 1 in Throwing
  2192 | D:4      | Noticed an ogre
  2204 | D:4      | Killed an ogre
  2205 | D:4      | Gained mutation: You are partially covered in yellow
                  | scales. (AC +2) [demonic ancestry]
  2205 | D:4      | Reached XP level 6. HP: 27/47 MP: 6/6
  2907 | D:4      | Found an iron altar of Okawaru.
  2946 | D:4      | Found a staircase to the Ecumenical Temple.
  2962 | Temple   | Found a transporter.
  2962 | Temple   | Found a transporter.
  2962 | Temple   | Found a transporter.
  2962 | Temple   | Found a transporter.
  2962 | Temple   | Entered the Ecumenical Temple
  3030 | D:4      | Gained mutation: Your magical capacity is low. (-10% MP)
                  | [potion of mutation]
  3030 | D:4      | Gained mutation: Your magical capacity is very low. (-20%
                  | MP) [potion of mutation]
  3030 | D:4      | Gained mutation: Your mind is acute. (Int +4, Str/Dex -1)
                  | [potion of mutation]
  3137 | D:5      | Entered Level 5 of the Dungeon
  3137 | D:5      | Noticed Sigmund
  3161 | D:5      | Slain by Sigmund

Illustrated notes

Levels and vault maps discovered:
D:1:      lightli_arrival_maybe_door_vault, layout_basic
D:2:      layout_loops_ring, uniq_terence
D:3:      layout_basic
D:4:      layout_loops_cross, kennysheep_okawaru_gauntlet,
          minmay_temple_entry_statues_pillars, minmay_door_square
D:5:      kennysheep_kobold_camp, layout_rooms,
          mainiacjoe_overflow_six_doors_small, fedhas_ov_isle_minmay,
          uniq_blork_the_orc, uniq_sigmund
Temple:   hellmonk_temple_divided_pantheon

Skill      XL: |  1  2  3  4  5 |
---------------+----------------+-----
Armour         | 3 |  3.0
Dodging        | 1 2 3 |  3.0
Evocations     | 2 3 |  3.0
Throwing       | 3 |  3.0
Fighting       | |  3.0
Long Blades    | |  1.7
Stealth        | |  0.9
Shields        | |  2.6

Action                     |  1- 3 |  4- 6 || total
---------------------------+-------+-------++-------
  Melee: Long sword        |    91 |   207 ||   298
         Trident           |       |     7 ||     7
    Use: Potion            |     2 |     5 ||     7
         Scroll            |       |     2 ||     2
 Armour: Chain mail        |    56 |   121 ||   177
         Scale mail        |       |    83 ||    83
  Dodge: Dodged            |    28 |    92 ||   120
  Block: Buckler           |    40 |   110 ||   150

Table legend: (Time is in decaauts)
 A = Elapsed time spent in this place.
 B = Non-inter-level travel time spent in this place.
 C = Inter-level travel time spent in this place.
 D = Time resting spent in this place.
 E = Time spent auto-exploring this place.
 F = Levels seen in this place.
 G = Mean time per level.
                   A        B        C        D        E       F      G
               +--------+--------+--------+--------+--------+-----+--------+
         Total |   3267 |   3057 |    210 |    435 |   1654 |   6 |  544.5 |
       Dungeon |   3233 |   3023 |    210 |    435 |   1654 |   5 |  646.6 |
        Temple |     34 |     34 |      0 |      0 |      0 |   1 |   34.0 |
               +--------+--------+--------+--------+--------+-----+--------+

Top non-repeatable levels by time:
     D:4: 963 daAuts
     D:2: 861 daAuts
     D:3: 801 daAuts
     D:1: 576 daAuts
  Temple: 34 daAuts
     D:5: 29 daAuts
